 Dungeon Crawl Stone Soup version 0.27-a0-1189-gb8eb6cee8e (webtiles) character file.

Game seed: 14728521696024525724

0 spiderkeys the Skirmisher (level 1, -11/18 HPs)
             Began as a Formicid Abyssal Knight on May 23, 2021.
             Was a Follower of Lugonu.
             Mangled by a black mamba zombie (13 damage)
             ... on level 1 of the Abyss.
             The game lasted 00:01:52 (266 turns).

spiderkeys the Skirmisher (Formicid Abyssal Knight)  Turns: 266, Time: 00:01:52

Health: -11/18     AC:  3    Str: 16    XL:     1   Next: 0%
Magic:  2/2        EV: 11    Int: 11    God:    Lugonu [*.....]
Gold:   8          SH:  0    Dex: 10    Spells: 0/0 levels left

rFire    . . .     SeeInvis +   a - +1 spear
rCold    . . .     Faith    .   (no shield)
rNeg     . . .     Spirit   .   b - +0 leather armour
rPois    .         Reflect  .   (helmet unavailable)
rElec    .         Harm     .   (no cloak)
rCorr    .         Rampage  .   (no gloves)
Will     .....                  (no boots)
Stlth    +.........             (no amulet)
HPRegen  0.06/turn              (no ring)
MPRegen  0.08/turn              (no ring)

@: no status effects
A: permanent stasis, dig shafts and tunnels, antennae 3, four strong arms
a: Dig, Shaft Self, Renounce Religion, Depart the Abyss


You were on level 1 of the Abyss.
You worshipped Lugonu.
Lugonu was aware of your devotion.
You visited 0 branches of the dungeon, and saw 0 of its levels.
You visited the Abyss 1 time.

You collected 8 gold pieces.


Innate Abilities, Weirdness & Mutations

You cannot be hasted, slowed, berserked, paralysed or teleported.
You can dig through walls and to a lower floor.
You have a pair of large antennae on your head. (SInv)
Your four strong arms can wield two-handed weapons with a shield.


   Skills:
 + Level 3.2 Fighting
 + Level 2.0 Polearms
 + Level 2.1 Armour
 + Level 0.8 Dodging
 + Level 2.1 Invocations


You couldn't memorise any spells.
You didn't know any spells.
Your spell library was empty.

Inventory:

Hand Weapons
 a - a +1 spear (weapon)
Armour
 b - a +0 leather armour (worn)

Dungeon Overview and Level Annotations

Branches:
Dungeon (0/15)

Altars:

≈≈≈ ≈≈≈..##{
#..#.#.#
#####.#
#{#{#.#.# ##
##.#...## { #
#####.#.#
#..#.....#.#
#.......# #
#.##...##.#.#
.. #.Z#....#
##@.###.#
#.## ###


You could see a black mamba zombie.


Message History

You dig through the rock wall.
You retract your mandibles.
You extend your mandibles.
You dig through the rock wall.
You dig through the rock wall.
You dig through the rock wall.
You dig through the rock wall.
You dig through the rock wall.
You dig through the rock wall.
You dig through the rock wall.
You dig through the rock wall.
You retract your mandibles.
Found a snail-covered altar of Cheibriados.
A shadow imp and a large abomination come into view.
Found a gateway leading deeper into the Abyss.
There is a fountain of clear blue water here.
The shadow imp gestures at you.
You barely resist. The shadow imp gestures at you.
Pain shoots through your body! 😕 HP[-1]
You take 1 damage, and now have 17/18 hp.
The large abomination closely misses you. 😎 HP[+1]
Your hp is fully restored (18).
The shadow imp shouts, "Turn tail, thou horrid folly-fallen haggard!"
You extend your mandibles.
You dig through the rock wall.
You retract your mandibles.
Found a gateway leading out of the Abyss.
c - a scroll labelled POWUTIEFYE
As you read the scroll labelled POWUTIEFYE, it crumbles to dust.
It is a scroll of identify.
You don't have any unidentified items.
You extend your mandibles.
You dig through the rock wall.
You retract your mandibles.
You extend your mandibles.
You dig through the rock wall.
You retract your mandibles.
You extend your mandibles.
You dig through the rock wall.
You retract your mandibles.
You extend your mandibles.
You dig through the rock wall.
You dig through the rock wall.
You dig through the rock wall.
You dig through the rock wall.
You retract your mandibles.
You extend your mandibles.
You dig through the rock wall.
You retract your mandibles.
You extend your mandibles.
You dig through the rock wall.
You retract your mandibles.
A thrashing horror comes into view.
The thrashing horror roars!
You closely miss the thrashing horror. The thrashing horror tramples you!
Ouch! That really hurt!
* * * LOW HITPOINT WARNING * * *
You stumble backwards! 😨 HP[-10]
You take 10 damage, and now have 8/18 hp.
MASSIVE DAMAGE!! (PAUSE)
You are suddenly pulled into a different region of the Abyss!
Unknown command. 😨 HP[+1] 😮 HP[+1]
You see here a +0 helmet. 😮 HP[+1]
You are too injured to fight recklessly!
You extend your mandibles.
You dig through the rock wall.
You dig through the rock wall.
You dig through the rock wall.
You retract your mandibles. 😮 HP[+1]
A smoke demon comes into view. 😮 HP[+1]
You extend your mandibles.
You dig through the rock wall.
You retract your mandibles. 😕 HP[+1]
A ynoxinul comes into view.
A tentacle flies out from the starspawn's body! 2 starspawn tentacles come into view.
A black mamba zombie comes into view.
The black mamba zombie barely misses you. 😕 HP[+1]
The black mamba zombie closely misses you.
The black mamba zombie bites you!
Ouch! That really hurt!
* * * LOW HITPOINT WARNING * * *
😱 HP[-13]
You take 13 damage, and now have 2/18 hp.
MASSIVE DAMAGE!! (PAUSE)
The black mamba zombie closely misses you.
The black mamba zombie bites you!
Ouch! That really hurt!
You die...

Action                   || total
-------------------------++-------
Melee: Spear             ||     1
 Abil: Dig               ||    11
  Use: Scroll            ||     1
Dodge: Dodged            ||     4

Levels and vault maps discovered:
Abyss:1:  base: Temple, evilmike_abyss_exit_14, base: Temple,
          evilmike_abyss_exit_12, serial_sigils_hangedman_gut

Notes
Turn   | Place    | Note
-------+----------+-------------------------------------------
     0 | Abyss:1  | spiderkeys the Formicid Abyssal Knight began the quest for
                  | the Orb.
     0 | Abyss:1  | Reached XP level 1. HP: 18/18 MP: 2/2
     0 | Abyss:1  | magus.rc [v1.9.10]
    57 | Abyss:1  | Found a snail-covered altar of Cheibriados.
    65 | Abyss:1  | Noticed a large abomination
   150 | Abyss:1  | Noticed a thrashing horror
   219 | Abyss:1  | Noticed a smoke demon
   250 | Abyss:1  | Noticed a ynoxinul
   251 | Abyss:1  | Noticed a tentacled starspawn
   256 | Abyss:1  | Noticed a black mamba zombie
   263 | Abyss:1  | HP: 2/18 [black mamba zombie (13)]
   266 | Abyss:1  | Mangled by a black mamba zombie

Vanquished Creatures (others)
  2 starspawn tentacles (Abyss:1)
2 creatures vanquished.

Table legend:
 A = Non-vault XP
 B = Vault XP
 C = Vault XP percentage of total XP
 D = Non-vault monster count
 E = Vault monster count
 F = Vault count percentage of total count
                 A         B        C        D         E       F
            +---------+---------+-------+---------+---------+-------
      Total |       0 |       0 |   N/A |       0 |       0 |  -nan
            +---------+---------+-------+---------+---------+-------
            +---------+---------+-------+---------+---------+-------

Illustrated notes

Table legend: (Time is in decaauts)
 A = Elapsed time spent in this place.
 B = Non-inter-level travel time spent in this place.
 C = Inter-level travel time spent in this place.
 D = Time resting spent in this place.
 E = Time spent auto-exploring this place.
 F = Levels seen in this place.
 G = Mean time per level.
                   A        B        C        D        E       F      G
               +--------+--------+--------+--------+--------+-----+--------+
         Total |    273 |    273 |      0 |      0 |      0 |   1 |  273.0 |
         Abyss |    273 |    273 |      0 |      0 |      0 |   1 |  273.0 |
               +--------+--------+--------+--------+--------+-----+--------+

Top non-repeatable levels by time:
 Abyss:1: 273 daAuts
